 Dungeon Sprint DCSS version 0.18-a0-46-g45ca8e4 (console) character file.

0 Kellhus the Conjurer (level 1, 0/10 HPs)
             Began as a Deep Elf Conjurer on Nov 6, 2015.
             Was a Follower of Vehumet.
             Killed from afar by Sigmund (10 damage)
             ... with a puff of flame
             ... in the Dungeon (Sprint VI: "Thunderdome").
             The game lasted 00:00:51 (50 turns).

Kellhus the Conjurer (Deep Elf Conjurer)              Turns: 50, Time: 00:00:51

Health: 0/10       AC:  2    Str:  5    XL:     1   Next: 58%
Magic:  2/7        EV: 13    Int: 19    God:    Vehumet [*.....]
Gold:   200        SH:  0    Dex: 15    Spells: 1 memorised, 7 levels left

rFire  . . .     SeeInvis .     (no weapon)
rCold  . . .     Clarity  .     a - +0 robe
rNeg   . . .     SustAt   .     (no shield)
rPois  .         Gourm    .     (no helmet)
rElec  .         Spirit   .     (no cloak)
rCorr  .         Warding  .     (no gloves)
rMut   .         NoTele   +     (no boots)
MR     .....                    (no amulet)
Stlth  ++........               (no ring)
                                (no ring)

@: not resistant to hostile enchantments, unstealthy
A: no striking features
a: Renounce Religion


You were in the Dungeon.
You worshipped Vehumet.
Vehumet was aware of your devotion.
You were not hungry.

You visited 1 branch You collected 200 gold pieces.

Inventory:

Armour
 a - a +0 robe (worn)
Wands
 k - a wand of cold (3)
 l - a wand of fire (5)
Scrolls
 i - 4 scrolls of blinking
 m - 3 scrolls of fog
Potions
 d - a potion of curing
 e - 4 potions of heal wounds
 f - 4 potions of haste
 g - 2 potions of magic
 h - a potion of berserk rage
 j - a potion of resistance
Books
 b - a book of Conjurations

   Spells                             Type                      Level
   a - Magic Dart                     Conjuration                  1
   b - Searing Ray                    Conjuration                  2
   c - Dazzling Spray                 Conjuration/Hexes            3
   d - Fulminant Prism                Conjuration/Hexes            4
   e - Iskenderun's Mystic Blast      Conjuration                  4
   f - Iskenderun's Battlesphere      Conjuration/Charms           5
Comestibles
 c - a bread ration


   Skills:
 - Level 2.4 Dodging
 - Level 2.4 Stealth
 + Level 4.3 Spellcasting
 + Level 5.0 Conjurations


You had 7 spell levels left.
You knew the following spells:

 Your Spells              Type           Power        Failure   Level  Hunger
a - Magic Dart            Conj           ###.         1%          1    None


Dungeon Overview and Level Annotations

Branches:
Dungeon (1/1)

Altars:
Cheibriados
Dithmenos
Fedhas
Gozag
Kikubaaqudgha
Makhleb
Okawaru
Qazlal
Ru
Sif Muna
Trog
Vehumet
Xom
Yredelemnul
Zin
The Shining One
Jiyva
Lugonu

Shops:
D *[%??*?*:[((!!!!

Annotations:
D Sigmund


Message History

50...
Found a blossoming altar of Fedhas.
Sigmund the Dreaded comes into view.
He is wielding a scythe.
Found Suligro's Distillery.
Sigmund casts a spell.
Sigmund flickers and vanishes!
Deactivating autopickup; reactivate with Ctrl-A.
Found Hacusser's Distillery, Xawneko's Bottled Wisdom and Imymeot's Do-It-Yourself Clinic.
Evoke which item? (* to show all) (? for menu, Esc to quit)
Zapping:
k - a wand of cold (5)
Press: ? - help, Shift-Dir - straight line This wand has 4 charges left.
Evoke which item? (* to show all) (? for menu, Esc to quit)
Zapping:
k - a wand of cold (4)
Press: ? - help, Shift-Dir - straight line This wand has 3 charges left.
A puff of flame appears from out of thin air!
The puff of flame hits you!
Ouch! That really hurt!
You die...

##.....## ##∩.....∩##
#∩.......∩# #_......._#
#_......._# #........_#
###.........###
#⌠...........⌠#
#####.8.........8.######
∩.._......###......___∩#
........8.# #.8.@......∩
..........###...........
.......###...###........
..†....# #.<.# #........
.......###...###........
..........###...{.......
........8.# #.8........∩
∩.__......###......__.∩#
#####.8.........8.###
#⌠...........⌠#
###.........###


There were no monsters in sight!

Vanquished Creatures
  A giant cockroach (D)
  A goblin (D)
  A quokka (D)
  A rat (D)
4 creatures vanquished.

Notes
Turn   | Place    | Note
--------------------------------------------------------------
     0 | D        | Kellhus the Deep Elf Conjurer began the quest for the Orb.
     0 | D        | Reached XP level 1. HP: 10/10 MP: 6/6
     3 | D        | Found a burning altar of Makhleb.
     3 | D        | Found a glowing silver altar of Zin.
     4 | D        | Found an ancient bone altar of Kikubaaqudgha.
     4 | D        | Found a snail-covered altar of Cheibriados.
     5 | D        | Round 1.
     7 | D        | Found a sacrificial altar of Ru.
     7 | D        | Found a radiant altar of Vehumet.
     8 | D        | Found a stormy altar of Qazlal.
     9 | D        | Found a bloodstained altar of Trog.
     9 | D        | Found an opulent altar of Gozag.
    10 | D        | Found Ceff's Premium Goods.
    10 | D        | Found Ruucvel's Weapon Rack.
    11 | D        | Found Wesk's Miscellaneous Merchandise.
    11 | D        | Found Bicoluin's Basic Armour.
    15 | D        | Became a worshipper of Vehumet
    23 | D        | Found Teischu's Identification Station.
    24 | D        | Found Ifyvef's Advanced Armour.
    24 | D        | Found Uwo Qai's Jewellery.
    24 | D        | Found a basalt altar of Yredelemnul.
    24 | D        | Found Heuh's Bee Food.
    29 | D        | Found an iron altar of Okawaru.
    33 | D        | Reached * piety under Vehumet
    33 | D        | Offered knowledge of Sting by Vehumet.
    35 | D        | Reached skill level 5 in Conjurations
    37 | D        | Found a shimmering altar of Xom.
    39 | D        | Found Xahel's Magic Scroll Shop.
    40 | D        | Found a shadowy altar of Dithmenos.
    40 | D        | Found a viscous altar of Jiyva.
    40 | D        | Found a glowing golden altar of the Shining One.
    40 | D        | Found Apritesk's Staff Store.
    40 | D        | Found Ydun's Magic Scroll Shop.
    40 | D        | Found Sulukk's Must-Have Magic.
    44 | D        | Found a deep blue altar of Sif Muna.
    45 | D        | Found a corrupted altar of Lugonu.
    46 | D        | Found a blossoming altar of Fedhas.
    47 | D        | Found Suligro's Distillery.
    47 | D        | Noticed Sigmund
    48 | D        | Found Hacusser's Distillery.
    48 | D        | Found Xawneko's Bottled Wisdom.
    48 | D        | Found Imymeot's Do-It-Yourself Clinic.
    50 | D        | Killed from afar by Sigmund

Vault maps used:
D:        arena_sprint

Action                   || total
-------------------------++-------
 Cast: Magic Dart        ||     7
Evoke: Wand              ||     2
